 Dungeon Crawl Stone Soup version 0.30-a0-756-gc2185399d4 (webtiles) character file.

Game seed: 12773715793859226669

21688 zero the Thaumaturge (level 12, -3/73 HPs)
             Began as a Gargoyle Earth Elementalist on Feb 9, 2023.
             Was an Elder of Vehumet.
             Killed from afar by a rime drake (31 damage)
             ... with an icy flash freeze
             ... on level 3 of the Lair of Beasts.
             The game lasted 00:17:31 (16250 turns).

zero the Thaumaturge (Gargoyle Earth Elementalist) Turns: 16250, Time: 00:17:32

Health: -3/73      AC: 19    Str:  8    XL:     12   Next: 92%
Magic:  19/27      EV: 12    Int: 29    God:    Vehumet [****..]
Gold:   911        SH:  4    Dex: 22    Spells: 10/33 levels left

rFire   + + +      SeeInvis .    r - staff of poison
rCold   x . .      Faith    .    M - +0 buckler
rNeg    + + +      Spirit   .    x - +2 leather armour {rF+}
rPois   ∞          Reflect  .    E - +2 helmet {Int+3}
rElec   +          Harm     .    (no cloak)
rCorr   .          Rampage  .    l - +1 pair of gloves
Will    .....                    (no boots)
Stlth   +++                      (no amulet)
HPRegen 0.32/turn                e - ring of Hard Scrabble {Fly Str-5 Int+6 Dex+6 Stlth+}
MPRegen 0.20/turn                c - ring "Nuth" {rF+++ rC- rN++ Dex+6}

@: radiating poison, on blink cooldown, flying
A: sickness immunity, AC +8, negative energy resistance 1, electricity
resistance, torment resistance 1, petrification resistance
a: Renounce Religion


You were on level 3 of the Lair of Beasts.
You worshipped Vehumet.
Vehumet was greatly pleased with you.
You visited 3 branches of the dungeon, and saw 15 of its levels.
You also visited: Sewer and Ossuary.

You collected 911 gold pieces.

Inventory:

Hand Weapons
 q - a +6 heavy sling
 Q - the +6 dagger "Muoteast" {drain, rC+ Dex+3}
   (You found it on level 2 of the Lair of Beasts)

   Dex:       It affects your dexterity (+3).
   rC:        It protects you from cold.
Missiles
 u - 3 throwing nets
Armour
 a - a +0 robe
 l - a +1 pair of gloves (worn)
 x - a +2 leather armour of fire resistance (worn)
 E - a +2 helmet of intelligence (worn)
 M - a +0 buckler (worn)
Magical Staves
 r - a staff of poison (weapon)
 I - a staff of air
Jewellery
 c - the ring "Nuth" (right hand) {rF+++ rC- rN++ Dex+6}
   (You found it on level 5 of the Dungeon)

   [ring of dexterity]

   Dex:       It affects your dexterity (+6).
   rF:        It renders you almost immune to fire.
   rC:        It makes you vulnerable to cold.
   rN:        It greatly protects you from negative energy.
 e - the ring of Hard Scrabble (left hand) {Fly Str-5 Int+6 Dex+6 Stlth+}
   (You acquired it on level 5 of the Dungeon)

   [ring of dexterity]

   Str:       It affects your strength (-5).
   Int:       It affects your intelligence (+6).
   Dex:       It affects your dexterity (+6).
   Fly:       It grants you flight.
   Stlth:     It makes you more stealthy.
 z - a ring of willpower
Wands
 F - a wand of mindburst (9)
 H - a wand of flame (19)
 J - a wand of paralysis (37)
 N - a wand of acid (2)
Scrolls
 f - a scroll of fear
 h - a scroll of blinking
 o - 5 scrolls of poison
 p - a scroll of immolation
 w - a scroll of fog
 y - 4 scrolls of teleportation
 B - 2 scrolls of butterflies
 O - a scroll of magic mapping
Potions
 b - a potion of magic
 d - 2 potions of might
 i - 6 potions of flight
 j - a potion of haste
 k - 2 potions of invisibility
 m - 2 potions of berserk rage
 n - 10 potions of curing
 s - 3 potions of brilliance
 t - 4 potions of mutation
 v - 4 potions of heal wounds
 A - 4 potions of resistance
 C - 4 potions of lignification
 D - a potion of ambrosia
 G - 2 potions of cancellation
 P - a potion of attraction


   Skills:
 + Level 7.9 Fighting
 - Level 2.0 Ranged Weapons
 - Level 5.0 Armour
 - Level 2.0 Dodging
 - Level 2.1 Stealth
 + Level 11.1 Spellcasting
 + Level 8.0 Conjurations
 - Level 1.0 Translocations
 - Level 5.0 Transmutations
 - Level 10.3 Earth Magic
 - Level 8.0 Poison Magic
 - Level 3.0 Evocations


You had 10 spell levels left.
You knew the following spells:

 Your Spells              Type           Power      Damage    Failure   Level
a - Sandblast             Erth           100%       2d20      1%          1
b - Stone Arrow           Conj/Erth      100%       3d13      1%          3
c - Ignite Poison         Fire/Tmut/Pois 58%        N/A       1%          3
d - Blink                 Tloc           42%        N/A       6%          2
e - Irradiate             Conj/Tmut      26%        3d20      3%          5
l - Lee's Rapid Deconstr  Erth           33%        3d17*     1%          5
t - Olgreb's Toxic Radia  Pois           76%        N/A       1%          4

Your spell library contained the following spells:

 Spells                   Type           Power      Damage    Failure   Level
 Dazzling Flash           Conj/Hex       78%        N/A       1%          3
 Sting                    Tmut/Pois      100%       1d8       1%          1
 Momentum Strike          Conj/Tloc      84%        3d10      1%          2
 Passwall                 Tmut/Erth      47%        N/A       1%          2
 Poisonous Vapours        Pois/Air       100%       N/A       1%          2
 Petrify                  Tmut/Erth      57%        N/A       2%          4
 Necrotise                Necr           64%        1d7       6%          1
 Lesser Beckoning         Tloc           42%        N/A       6%          2
 Leda's Liquefaction      Hex/Erth       23%        N/A       8%          4
 Vampiric Draining        Necr           16%        2d7       19%         3
 Summon Forest            Summ/Tloc      9%         N/A       82%         5
 Agony                    Necr           16%        N/A       87%         5
 Summon Mana Viper        Hex/Summ       16%        N/A       87%         5
 Summon Cactus Giant      Summ           8%         N/A       100%        6
 Sublimation of Blood     Necr           Unusable   N/A       N/A         2
 Statue Form              Tmut/Erth      Unusable   N/A       N/A         6

Dungeon Overview and Level Annotations

Branches:
Dungeon (11/15)            Temple (1/1) D:5            Lair (3/5) D:8
  Snake (0/4) Lair:3        Sewer (visited)         Ossuary (visited)
  Swamp: Lair:2-3    Shoals: Lair:2-3       Orc: D:9-12

Altars:
Ashenzari
Cheibriados
Dithmenos
Elyvilon
Fedhas
Gozag
Hepliaklqana
Kikubaaqudgha
Makhleb
Nemelex Xobeh
Okawaru
Qazlal
Ru
Sif Muna
Trog
Uskayaw
Vehumet
Wu Jian
Xom
Yredelemnul
Zin
The Shining One

Shops:
D:8 ((

Annotations:
D:9 3 runed translucent doors


Innate Abilities, Weirdness & Mutations

You are immune to sickness and miasma.
Your stone body is resilient. (AC +8)
You are immune to poison.
You resist negative energy. (rN+)
You are resistant to electric shocks. (rElec)
You are resistant to unholy torment.
You are immune to petrification.


Message History

Casting: Olgreb's Toxic Radiance (mildly dangerous; 1% risk of failure)
Confirm with . or Enter, or press ? or * to list all spells.
You feel a surge of power!
Your toxic radiance grows in intensity.
The swamp worm looks even sicker.
The rime drake looks even sicker.
You feel stable enough to blink again.
The swamp worm fires a harpoon shot at you.
The harpoon shot hits you!!
You are yanked forward by the harpoon shot.
The six-headed hydra bites you but does no damage. x2
The six-headed hydra bites you! The six-headed hydra barely misses you.
The six-headed hydra bites you but does no damage. x2
The swamp worm barely misses you.
The six-headed hydra attacks as you move away!
The six-headed hydra closely misses you.
The six-headed hydra bites you but does no damage.
The six-headed hydra closely misses you.
You block the six-headed hydra's attack.
The six-headed hydra bites you but does no damage. x2
The swamp worm attacks as you move away!
The swamp worm bites you but does no damage.
The swamp worm looks as sick as possible!
The rime drake looks as sick as possible!
The ice encasing you melts away. The rime drake bites you.
The swamp worm fires a harpoon shot at you.
The harpoon shot misses you. The rime drake barely misses you.
Casting: Olgreb's Toxic Radiance (mildly dangerous; 1% risk of failure)
Confirm with . or Enter, or press ? or * to list all spells.
You blink.
Aiming: Sandblast (safe; 1% risk of failure)
Press: ? - help, Q - select action, (/) - cycle Shift-Dir - straight line, f - rime drake
Aim: a rime drake (translocational energy, severely wounded, extremely poisoned, 82% to hit)
Okay, then.
You kill the swamp worm!
Vehumet accepts your kill.
You feel your power returning.
The rime drake looks as sick as possible!
The rime drake breathes ice at you. The icy flash freeze hits you!!
You feel a painful chill!
You die...

# # ... # ###..## ## #.....#
.## ##....#### ..#
###P.....#.# .###
##.........## .#.# #### ##
#..(........##
...###..##.##..
#@..).....#### #
..............#
#............# #
.#####...##.## ##...k.......#
## ## ##..##
##.♣♣DF♣♣♣♣♣♣♣####. #....#
#.♣♣...~~~~≈≈♣.##.. #...##
##.♣♣~~~~~~≈≈♣..##. ## ##.##
####..♣♣~≈~~≈~≈♣♣.... P###
##..# ##..#.♣♣...~~≈≈♣♣♣##..
...###..######......♣♣...♣♣♣♣
#..


You could see a six-headed hydra, a cane toad and a rime drake (extremely
poisoned, catching breath).

Vanquished Creatures
  A hydra (Lair:1)
  Erica (D:8)
  4 two-headed ogres
  Pikel (D:8)
  An orc knight (D:11)
  A manticore (Lair:3)
  Maurice (D:8)
  5 black mambas
  Joseph (D:8)
  3 elephants (Lair:1)
  4 cane toads
  A gargoyle (D:11)
  2 unseen horrors (D:11)
  4 rime drakes (Lair:3)
  2 komodo dragons
  A kobold demonologist (D:11)
  A tengu conjurer (D:11)
  A hornet (Lair:2)
  A troll (D:9)
  3 blink frogs (Lair:3)
  2 polar bears
  A wraith (D:8)
  3 wyverns
  A shadow (D:9)
  13 yaks
  8 basilisks (Lair:3)
  2 steam dragons (D:8)
  An acid dragon (D:9)
  7 water moccasins
  A swamp worm (Lair:3)
  A hell hound (Lair:3)
  4 sky beasts
  3 black bears
  An orc warrior (D:9)
  A centaur (D:11)
  3 phantoms
  2 elf zombies (Ossuary)
  A lemure (D:8)
  A kobold brigand (D:9)
  6 bullfrogs
  2 necrophages
  3 scorpions
  An elf skeleton (D:6)
  2 howler monkeys (D:10)
  A centaur zombie (Ossuary)
  3 gnoll boudas
  5 jellies
  6 orc priests
  3 human skeletons (D:6)
  Natasha (thrice) (D:3)
  3 iguanas
  9 orc wizards
  2 hell rats (Lair:3)
  2 mummies (Ossuary)
  20 gnolls
  7 adders
  5 river rats (Sewer)
  2 ufetubi
  2 adder zombies (Ossuary)
  4 worms
  28 orcs
  12 ball pythons
  5 endoplasms
  6 giant cockroaches
  4 goblins
  5 hobgoblins
  3 jackals (D:1)
  11 kobolds
  6 quokkas
  3 bats
  6 frilled lizards
  A goblin zombie (Ossuary)
  8 hobgoblin zombies (Ossuary)
  A jackal zombie (Ossuary)
  9 kobold zombies (Ossuary)
  An orc skeleton (D:6)
  12 orc zombies
  12 rats
  2 rat zombies (Ossuary)
321 creatures vanquished.

Vanquished Creatures (others)
  A sky beast (D:8)
  19 fungi
  31 plants
  4 toadstools (D:1)
55 creatures vanquished.

Grand Total: 376 creatures vanquished

Notes
Turn   | Place    | Note
-------+----------+-------------------------------------------
     0 | D:1      | zero the Gargoyle Earth Elementalist began the quest for
                  | the Orb.
     0 | D:1      | Reached XP level 1. HP: 10/10 MP: 3/3
   174 | D:1      | Reached XP level 2. HP: 15/15 MP: 3/5
   730 | D:2      | Reached XP level 3. HP: 19/19 MP: 5/7
   734 | D:2      | Learned a level 3 spell: Stone Arrow
  1033 | D:2      | Reached skill level 1 in Fighting
  1033 | D:2      | Reached skill level 3 in Spellcasting
  1137 | D:2      | Reached XP level 4. HP: 16/25 MP: 5/8
  1609 | D:3      | Noticed Natasha
  1612 | D:3      | Killed Natasha
  1613 | D:3      | Reached skill level 1 in Armour
  1613 | D:3      | Reached skill level 1 in Conjurations
  1635 | D:3      | Noticed Natasha
  1770 | D:3      | Killed Natasha
  2163 | D:3      | Reached XP level 5. HP: 29/29 MP: 10/10
  2169 | D:3      | Learned a level 5 spell: Lee's Rapid Deconstruction
  2225 | D:3      | Noticed Natasha
  2238 | D:3      | Found an ancient bone altar of Kikubaaqudgha.
  2303 | D:3      | Found a faded altar of an unknown god.
  2478 | D:3      | Killed Natasha
  3107 | D:4      | Reached skill level 4 in Spellcasting
  3107 | D:4      | Reached XP level 6. HP: 30/34 MP: 5/12
  3243 | D:4      | Noticed a black bear
  3246 | D:4      | Reached skill level 5 in Earth Magic
  3248 | D:4      | Killed a black bear
  3532 | D:4      | Reached XP level 7. HP: 39/39 MP: 12/14
  3662 | D:4      | Found a glowing drain.
  3685 | Sewer    | Entered a sewer
  4088 | Sewer    | Reached skill level 5 in Spellcasting
  4886 | D:4      | Learned a level 1 spell: Sandblast
  5053 | D:5      | Entered Level 5 of the Dungeon
  5080 | D:5      | Identified the ring "Nuth" {rF+++ rC- rN++ Dex+6}
  5183 | D:5      | Identified a scroll of acquirement
  5183 | D:5      | Acquired the ring of Hard Scrabble {Fly Str-5 Int+6 Dex+6
                  | Stlth+}
  5313 | D:5      | Reached skill level 1 in Ranged Weapons
  5313 | D:5      | Reached XP level 8. HP: 46/46 MP: 15/15
  5508 | D:5      | Found a staircase to the Ecumenical Temple.
  5594 | Temple   | Entered the Ecumenical Temple
  5768 | Temple   | Became a worshipper of Vehumet
  5955 | D:6      | Found a sand-covered staircase.
  6006 | Ossuary  | Entered an ossuary
  6253 | Ossuary  | Reached * piety under Vehumet
  6253 | Ossuary  | Offered knowledge of Kiss of Death by Vehumet.
  6524 | D:6      | Found a burning altar of Makhleb.
  6524 | D:6      | Noticed a cacodemon
  6679 | D:6      | Found a bloodstained altar of Trog.
  6748 | D:6      | Reached skill level 10 in Earth Magic
  6999 | D:7      | Reached XP level 9. HP: 36/51 MP: 16/16
  7004 | D:7      | Learned a level 4 spell: Olgreb's Toxic Radiance
  7199 | D:7      | Reached skill level 1 in Poison Magic
  7199 | D:7      | Reached skill level 1 in Evocations
  7291 | D:7      | Offered knowledge of Magic Dart by Vehumet.
  7367 | D:7      | Reached ** piety under Vehumet
  7524 | D:7      | Found a hide-covered altar of Uskayaw.
  7524 | D:7      | Noticed a +0 dagger
  7525 | D:7      | Noticed a +0 hand axe
  8074 | D:8      | Noticed Maurice
  8264 | D:8      | Paralysed by Maurice for 3 turns
  8472 | D:8      | Killed Maurice
  8552 | D:8      | Noticed Erica
  8577 | D:8      | Killed Erica
  8694 | D:8      | Reached XP level 10. HP: 55/58 MP: 14/18
  8703 | D:8      | Reached skill level 6 in Spellcasting
  8824 | D:8      | Found Oraupati's Weapon Boutique.
  8826 | D:8      | Noticed Joseph
  8885 | D:8      | Found a staircase to the Lair.
  8903 | D:8      | Noticed Pikel
  8910 | D:8      | Killed Pikel
  8911 | D:8      | Reached skill level 5 in Fighting
  8911 | D:8      | Reached skill level 5 in Armour
  9133 | D:8      | Found a glowing silver altar of Zin.
  9133 | D:8      | Noticed an angel
  9182 | D:8      | Killed Joseph
  9183 | D:8      | Reached skill level 5 in Conjurations
  9183 | D:8      | Reached skill level 5 in Poison Magic
  9318 | D:8      | Found Abruon's Weapon Emporium.
  9764 | D:9      | Found a runed translucent gate.
  9764 | D:9      | Noticed a white ugly thing
  9765 | D:9      | Found a runed translucent gate.
  9765 | D:9      | Found a runed translucent gate.
  9768 | D:9      | Noticed a red ugly thing
  9775 | D:9      | Noticed a purple ugly thing
  9776 | D:9      | Noticed a brown ugly thing
  9867 | D:9      | Noticed a two-headed ogre
  9881 | D:9      | Killed a two-headed ogre
  9881 | D:9      | Offered knowledge of Searing Ray by Vehumet.
  9882 | D:9      | Reached skill level 7 in Spellcasting
 10195 | D:9      | Found a shimmering altar of Xom.
 10326 | D:9      | Reached skill level 8 in Spellcasting
 10504 | D:10     | Entered Level 10 of the Dungeon
 10603 | D:10     | Reached *** piety under Vehumet
 10768 | D:10     | Reached XP level 11. HP: 62/63 MP: 14/23
 10923 | D:10     | Reached skill level 9 in Spellcasting
 11596 | D:11     | Noticed a two-headed ogre
 11750 | D:11     | Offered knowledge of Ignite Poison by Vehumet.
 11751 | D:11     | Noticed a two-headed ogre
 11755 | D:11     | Killed a two-headed ogre
 11756 | D:11     | Reached skill level 10 in Spellcasting
 11757 | D:11     | Killed a two-headed ogre
 12001 | D:11     | Noticed a sun demon
 12306 | D:11     | Learned a level 3 spell: Ignite Poison
 12309 | D:11     | Learned a level 2 spell: Blink
 12315 | D:11     | Learned a level 5 spell: Irradiate
 12359 | D:11     | Reached skill level 1 in Transmutations
 12490 | D:11     | Noticed a two-headed ogre
 12501 | D:11     | Killed a two-headed ogre
 12502 | D:11     | Reached skill level 1 in Translocations
 12641 | D:11     | Identified the +1 ring mail of Zoerir {Fly Int+3 SInv}
 12693 | D:11     | Noticed an orc knight
 12699 | D:11     | Killed an orc knight
 12920 | Lair:1   | Entered Level 1 of the Lair of Beasts
 12973 | Lair:1   | Noticed a six-headed hydra
 12985 | Lair:1   | Killed a six-headed hydra
 12986 | Lair:1   | Reached XP level 12. HP: 30/70 MP: 2/26
 13133 | Lair:1   | Reached **** piety under Vehumet
 14086 | Lair:2   | Offered knowledge of Dazzling Flash by Vehumet.
 14301 | Lair:2   | Identified the +6 dagger "Muoteast" {drain, rC+ Dex+3}
 15062 | Lair:3   | HP: 3/71 [basilisk (12)]
 15070 | Lair:3   | HP: 2/71 [rime drake/icy flash freeze (3)]
 15542 | Lair:3   | Reached skill level 5 in Transmutations
 15768 | Lair:3   | Found a staircase to the Snake Pit.
 15844 | Lair:3   | Reached skill level 11 in Spellcasting
 16243 | Lair:3   | Noticed a six-headed hydra
 16250 | Lair:3   | Killed from afar by a rime drake

Illustrated notes

Levels and vault maps discovered:
D:1:      ldierk_walled_garden_2, layout_rooms
D:2:      layout_basic, grunt_ministairs_13, kennysheep_minor_cross, minivault_5
D:3:      layout_basic, lemuel_tele_altar,
          chequers_ecumenical_altar_simple_redux, kennysheep_flooded_box,
          patterned_corridor, uniq_natasha
D:4:      layout_basic, cheibrodos_sewer_entry_bend, item_on_display_a
D:5:      layout_rooms, minmay_temple_entry_enclosed_plants
D:6:      cheibrodos_quashed, layout_loops_cross, makhleb_altar_promises_db,
          mainiacjoe_overflow_brackets, nicolae_ossuary_entry_catacombs
D:7:      layout_layer_cave, dancing_weapons_uskayaw
D:8:      layout_cave_pools, zin_angel, dpeg_oklobed_lair, serial_shops,
          shop_statue, shop_fountains, hangedman_misty_isle, uniq_erica,
          uniq_joseph, uniq_pikel, uniq_maurice
D:9:      layout_roguey, tgw_xom, ploomutoo_gammafunk_ghost_potion_laboratory
D:10:     layout_loops_corners
D:11:     layout_cross
Temple:   nicolae_temple_slightly_damp_pantheon
Lair:1:   wander_river, layout_chaotic_city
Lair:2:   layout_hall_layers, serial_bayou_crossing
Lair:3:   layout_cave_pods, palyth_hydra_swamp_entry,
          minmay_snake_entry_six_corridors, special_room
          [special_room_mythical_zoo], grunt_megastairs_4, lemuel_fruit_fields

Skill      XL: |  1  2  3  4  5  6  7  8  9 10 11 12 |
---------------+-------------------------------------+-----
Earth Magic    | 4 5 7 10 | 10.3
Fighting       | 1 3 4 5 6 7 |  7.9
Spellcasting   | 3 4 5 8 10 11 | 11.1
Armour         | 1 2 3 4 5 |  5.0
Conjurations   | 1 2 4 5 6 8 |  8.0
Ranged Weapons | 1 2 |  2.0
Dodging        | 2 |  2.0
Poison Magic   | 4 6 8 |  8.0
Evocations     | 2 3 |  3.0
Transmutations | 3 5 |  5.0
Translocations | 1 |  1.0
Stealth        | |  2.1

Action                     |  1- 3 |  4- 6 |  7- 9 | 10-12 || total
---------------------------+-------+-------+-------+-------++-------
  Melee: Unarmed           |     1 |       |       |       ||     1
         Falchion          |    29 |       |       |       ||    29
         Staff             |       |       |       |    10 ||    10
   Fire: Sling             |       |    44 |   206 |   108 ||   358
   Cast: Sandblast         |    35 |    21 |    81 |   125 ||   262
         Stone Arrow       |       |     7 |    23 |    49 ||    79
         Olgreb's Toxic Ra |       |       |       |    72 ||    72
         Ignite Poison     |       |       |       |     6 ||     6
         Lee's Rapid Decon |       |       |       |     8 ||     8
         Blink             |       |       |       |     2 ||     2
  Evoke: Wand              |       |       |       |     5 ||     5
    Use: Scroll            |       |       |    21 |    13 ||    34
   Stab: Distracted        |       |       |       |     1 ||     1
 Armour: Robe              |    12 |       |       |       ||    12
         Leather armour    |    17 |    19 |   104 |   140 ||   280
  Dodge: Dodged            |    54 |    29 |   122 |   118 ||   323
  Block: Buckler           |       |       |       |    24 ||    24

Table legend: (Time is in decaauts)
 A = Elapsed time spent in this place.
 B = Non-inter-level travel time spent in this place.
 C = Inter-level travel time spent in this place.
 D = Time resting spent in this place.
 E = Time spent auto-exploring this place.
 F = Levels seen in this place.
 G = Mean time per level.
                   A        B        C        D        E       F      G
               +--------+--------+--------+--------+--------+-----+--------+
         Total |  16848 |  16018 |    830 |   2724 |  11019 |  17 |  991.1 |
       Dungeon |  12255 |  11552 |    703 |   1849 |   8205 |  11 | 1114.1 |
        Temple |    188 |    166 |     22 |      0 |    148 |   1 |  188.0 |
          Lair |   3400 |   3296 |    104 |    734 |   2134 |   3 | 1133.3 |
         Sewer |    553 |    553 |      0 |     71 |    339 |   1 |  553.0 |
       Ossuary |    450 |    450 |      0 |     70 |    193 |   1 |  450.0 |
               +--------+--------+--------+--------+--------+-----+--------+

Top non-repeatable levels by time:
     D:7: 1699 daAuts
    D:10: 1598 daAuts
     D:4: 1567 daAuts
     D:3: 1401 daAuts
  Lair:2: 1344 daAuts
     D:2: 1140 daAuts
     D:8: 1073 daAuts
  Lair:3: 1060 daAuts
     D:9: 1013 daAuts
  Lair:1: 995 daAuts
    D:11: 823 daAuts
     D:6: 675 daAuts
     D:5: 638 daAuts
     D:1: 623 daAuts
   Sewer: 553 daAuts
